Map: Dusk Towers

Players

Yatagaras

  • Race: Protoss Protoss
  • League: Diamond

ILLBdA - Winner!

  • Race: Protoss Protoss
  • League: Diamond

VOD

Have the link to the VOD?

Description

Time

  • Played on: Dec. 12, 2015, 4:43 a.m.
  • Length: 4:35
Show
View Real Time Build Order
Export as new Build Order

Yatagaras Protoss 

Build Orders:  

Get SALT Encoding   

  12  0:09  Pylon  
  12  0:13  Probe (Chrono Boost)  
  13  0:28  Gateway  
  13  0:30  Probe (Chrono Boost)  
  14  0:37  Assimilator  
  14  0:41  Probe (Chrono Boost)  
  15  0:51  Probe (Chrono Boost)  
  16  1:02  Probe (Chrono Boost)  
  17  1:12  Probe (Chrono Boost)  
  17  1:16  Cybernetics Core  
  20  1:18  Zealot  
  20  1:23  Probe (Chrono Boost)  
  21  1:39  Probe (Chrono Boost), Pylon  
  22  1:48  Pylon  
  23  1:57  Stalker  
  23  1:58  Mothership Core (Chrono Boost)  
  26  2:06  Gateway  
  26  2:16  Warp Gate (Chrono Boost)  
  26  2:19  Probe (Chrono Boost)  
  26  2:21  Assimilator  
  27  2:34  Stalker  
  27  2:36  Gateway  
  29  2:42  Pylon  
  29  3:04  Stalker  
  31  3:07  Pylon  
  31  3:11  Stalker  
  30  3:55  Pylon  
  30  4:02  Gateway  
  25  4:07  Adept x2  
  29  4:17  Probe  
  28  4:25  Stalker  
Show
View Real Time Build Order
Export as new Build Order

ILLBdA Protoss - Winner!

Build Orders: Nexus First 

Get SALT Encoding   

  12  0:01  Probe (Chrono Boost)  
  13  0:11  Probe (Chrono Boost)  
  14  0:18  Pylon  
  14  0:22  Probe (Chrono Boost)  
  15  0:37  Probe (Chrono Boost)  
  16  0:47  Probe (Chrono Boost)  
  17  0:57  Nexus  
  17  1:08  Gateway  
  17  1:13  Probe (Chrono Boost)  
  18  1:24  Probe (Chrono Boost)  
  18  1:25  Assimilator  
  19  1:31  Assimilator  
  19  1:34  Probe (Chrono Boost)  
  20  1:40  Pylon  
  20  1:45  Probe (Chrono Boost)  
  21  1:57  Probe (Chrono Boost)  
  21  1:59  Cybernetics Core, Zealot  
  24  2:08  Gateway  
  24  2:13  Probe (Chrono Boost)  
  24  2:17  Probe (Chrono Boost)  
  25  2:27  Pylon  
  25  2:34  Mothership Core (Chrono Boost)  
  27  2:38  Stalker (Chrono Boost)  
  27  2:42  Probe (Chrono Boost)  
  30  2:53  Pylon  
  31  3:00  Stalker (Chrono Boost)  
  34  3:09  Stalker (Chrono Boost)  
  32  3:27  Stalker (Chrono Boost)  
  32  3:39  Stalker (Chrono Boost)  
  33  3:53  Stalker (Chrono Boost)  
  35  3:57  Probe  
  36  4:03  Probe  
  40  4:10  Probe  
  40  4:12  Twilight Council  
  40  4:15  Probe  
  41  4:22  Probe  
Tags
 
Matchup
PvP
Replay Pack
me
Add a new tag
Caveats
  • Supply blocks, unpowered buildings, or Contaminate may cause inaccurate times.
  • Supply counts are checked every 10 seconds.